 Dungeon Crawl Stone Soup version 0.21-a0-372-gd0ff781 (webtiles) character file.

297 nikopol the Cudgeler (level 6, -1/38 HPs)
             Began as a Gargoyle Berserker on Oct 17, 2017.
             Was an Elder of Trog.
             Killed by divine providence
             ... invoked by an orc priest
              (12 damage)
             ... on level 4 of the Dungeon.
             The game lasted 00:10:53 (3359 turns).

nikopol the Cudgeler (Gargoyle Berserker)           Turns: 3359, Time: 00:10:54

Health: -1/38      AC: 14    Str: 21    XL:     6   Next: 35%
Magic:  6/6        EV: 10    Int:  7    God:    Trog [****..]
Gold:   135        SH:  0    Dex: 11    Spells: 5/5 levels left

rFire    . . .     SeeInvis .   a - +1 mace
rCold    . . .     Gourm    .   (no shield)
rNeg     + + .     Faith    .   h - +0 scale mail
rPois    ∞         Spirit   .   p - +2 helmet
rElec    +         Reflect  .   (no cloak)
rCorr    +         Harm     .   (no gloves)
MR       .....                  (no boots)
Stlth    ..........             (no amulet)
HPRegen  0.12/turn              v - ring of resist corrosion
MPRegen  0.10/turn              r - ring of positive energy

@: no status effects
A: negative energy resistance 1, electricity resistance, unbreathing,
petrification resistance, rot immunity, AC +4
a: Berserk, Trog's Hand, Brothers in Arms, Burn Spellbooks, Renounce Religion


You were on level 4 of the Dungeon.
You worshipped Trog.
Trog was greatly pleased with you.
You were not hungry.

You visited 1 branch of the dungeon, and saw 4 of its levels.
You also visited: Sewer.

You collected 135 gold pieces.

Inventory:

Hand Weapons
 a - a +1 mace (weapon)
Missiles
 e - 75 arrows (quivered)
Armour
 b - a +0 animal skin
 g - a cursed +0 ring mail
 h - a +0 scale mail (worn)
 p - a +2 helmet (worn)
 x - a cursed +0 scale mail
Jewellery
 r - a ring of positive energy (right hand)
 v - a ring of resist corrosion (left hand)
Scrolls
 t - a scroll of remove curse
 u - a scroll of teleportation
 y - a scroll of fear
Potions
 i - a potion of lignification {unknown}
 l - 2 potions of haste {unknown}
 m - 3 potions of curing
 n - 2 potions of cancellation
 o - a potion of flight {unknown}
 q - a potion of might {unknown}
 w - a potion of heal wounds
Comestibles
 c - 3 bread rations
 d - 2 chunks of flesh
 f - 2 royal jellies
 k - 3 meat rations
 s - a fruit


   Skills:
 + Level 4.0 Fighting
 + Level 5.7 Maces & Flails
 + Level 3.3 Armour
 + Level 2.3 Dodging
 + Level 0.2 Stealth


You had 5 spell levels left.
You didn't know any spells.

Dungeon Overview and Level Annotations

Branches:
Dungeon (4/15)
 Temple: D:4-7

Altars:


Innate Abilities, Weirdness & Mutations

You are resistant to torment.
Your stone body is resilient. (AC +4)
You are immune to poison.
You resist negative energy. (rN+)
You are resistant to electric shocks. (rElec)
You can survive without breathing.
You are immune to petrification.
You are immune to rotting.


Message History

The orc priest hits you but does no damage.
You hit the orc priest.
The orc priest is heavily wounded.
The orc priest hits you but does no damage.
The orc priest barely misses you.
You hit the orc priest.
The orc priest is heavily wounded.
The orc priest hits you with a dagger.
The orc priest hits you but does no damage.
The orc wizard casts a spell.
The orc wizard blinks!
You barely miss the orc priest.
The orc priest is heavily wounded.
The orc priest mumbles some strange prayers to Beogh against you.
Beogh smites you!
* * * LOW HITPOINT WARNING * * *
The orc priest hits you but does no damage.
The orc priest invokes the aid of Beogh against you.
Beogh smites you!
You die...

..........+....+......#
..........#....#......#
..........#....#......#
..###.....#....#......#
..# #.................#
..# ...............#
.... ..............##
.... ........##o...#
....
#.......+@o§..#####
....
#.......###........
######.........#
#........
≈≈≈≈≈..........
#........ .≈≈≈≈... ....
.o....o.. ≈≈≈≈≈...
.......... ######..
.........## . .
..o........# .
#o......#####


You could see 2 orc priests and an orc wizard.

Vanquished Creatures
  A hound (D:4)
  A centaur skeleton (D:4)
  4 gnolls (D:3)
  7 adders
  2 oozes
  An adder skeleton (D:4)
  2 worms
  A dart slug (D:1)
  5 leopard geckos
  3 orcs (D:4)
  2 ball pythons
  8 giant cockroaches
  10 goblins
  9 hobgoblins
  6 jackals
  2 quokkas
  21 bats
  3 frilled lizards
  13 kobolds
  16 rats
117 creatures vanquished.

Notes
Turn   | Place    | Note
-------+----------+-------------------------------------------
     0 | D:1      | nikopol the Gargoyle Berserker began the quest for the Orb.
     0 | D:1      | Reached XP level 1. HP: 14/14 MP: 1/1
    67 | D:1      | Reached XP level 2. HP: 6/19 MP: 2/2
   499 | D:1      | Reached XP level 3. HP: 23/23 MP: 3/3
   975 | D:1      | Reached skill level 4 in Maces & Flails
  1078 | D:1      | Reached ** piety under Trog
  1350 | D:2      | Reached XP level 4. HP: 26/28 MP: 4/4
  1888 | D:3      | Reached XP level 5. HP: 25/32 MP: 5/5
  1889 | D:3      | Reached *** piety under Trog
  2491 | D:3      | Reached skill level 5 in Maces & Flails
  2787 | D:4      | Found a glowing drain.
  2812 | Sewer    | Entered a sewer
  2816 | Sewer    | Reached XP level 6. HP: 38/38 MP: 6/6
  3308 | D:4      | Reached **** piety under Trog
  3359 | D:4      | Killed from afar by an orc priest

Vault maps used:
D:1:      dpeg_arrival_rooms_b
D:2:      minmay_pentomino_o4
D:4:      portal_sewer_entry_f
Sewer:    sewer_fruit_machine

Skill      XL: |  1  2  3  4  5  6 |
---------------+-------------------+-----
Maces & Flails | 4 5 |  5.7
Armour         | 3 |  3.3
Dodging        | 2 |  2.3
Fighting       | 4 |  4.0
Stealth        | |  0.2

Action                   |  1- 3 |  4- 6 || total
-------------------------+-------+-------++-------
Melee: Mace              |   171 |   260 ||   431
Invok: Burn Spellbooks   |       |     1 ||     1
  Use: Scroll            |       |    13 ||    13
  Eat: Chunk             |     2 |     7 ||     9
Armor: Animal skin       |     6 |       ||     6
       Scale mail        |   116 |   195 ||   311
Dodge: Dodged            |   154 |   202 ||   356

Table legend:
 A = Spawn XP
 B = Non-spawn XP
 C = Spawn XP percentage of total XP
 D = Spawn monster count
 E = Non-spawn monster count
 F = Spawn count percentage of total count
 G = Total turns spent on level
                    A         B        C        D         E        F      G
               +---------+---------+-------+---------+---------+-------+---------
         Total |       0 |     425 |   0.0 |       0 |     117 |   0.0 |  3359
               +---------+---------+-------+---------+---------+-------+---------
           D:1 |       0 |      59 |   0.0 |       0 |      30 |   0.0 |  1091
           D:2 |       0 |      87 |   0.0 |       0 |      33 |   0.0 |   755
           D:3 |       0 |     114 |   0.0 |       0 |      25 |   0.0 |   867
           D:4 |       0 |     136 |   0.0 |       0 |      14 |   0.0 |   250
         Sewer |       0 |      29 |   0.0 |       0 |      15 |   0.0 |   396
               +---------+---------+-------+---------+---------+-------+---------
